 Dungeon Crawl Stone Soup version 0.29.0-15-g675c0067aa (webtiles) character file.

Game seed: 12016644017116678362

144167 Powertoast the Grappler (level 16, -6/162 (165) HPs)
             Began as a Troll Berserker on Sept 12, 2022.
             Was a High Priest of Trog.
             Mangled by a deep elf knight
             ... wielding a +2 scimitar of venom
              (12 damage)
             ... on level 2 of the Elven Halls.
             The game lasted 01:56:10 (24542 turns).

Powertoast the Grappler (Troll Berserker)          Turns: 24542, Time: 01:56:11

HP:   -6/162 (165)  AC: 20    Str: 33    XL:     16   Next: 84%
MP:   33/33         EV: 13    Int:  3    God:    Trog [*****.]
Gold: 99            SH: 18    Dex: 20    Spells: 15/15 levels left

rFire   + . .      SeeInvis +   w - +3 demon whip (flame)
rCold   + . .      Faith    .   T - +2 kite shield
rNeg    + . .      Spirit   .   K - +5 steam dragon scales
rPois   .          Reflect  +   (helmet restricted)
rElec   .          Harm     .   v - +1 cloak of Nempud {rN+ Dex+5}
rCorr   .          Rampage  .   (gloves unavailable)
Will    +++..                   (boots unavailable)
Stlth   ++........              m - amulet of Tercha {Reflect rF+ rC+ MP+9 Str+4 SH+5}
HPRegen 1.17/turn               N - ring of willpower
MPRegen 0.23/turn               x - ring "Ulius" {Drain Will+ MP+9 AC+4 SInv}

@: lethally poisoned (-6 -> -45), about to teleport, studying Armour, lightly
drained
A: large, unfitting armour, claws 3, regeneration 1, shaggy fur 1, tough skin 1
a: Renounce Religion, Berserk, Trog's Hand, Brothers in Arms


You were on level 2 of the Elven Halls.
You worshipped Trog.
Trog was extremely pleased with you.
You visited 5 branches of the dungeon, and saw 26 of its levels.

You collected 2450 gold pieces.
You spent 2351 gold pieces at shops.

Inventory:

Hand Weapons
 b - the +5 sling of Zaahavae {flame, rElec rPois Str+2}
   (You found it on level 5 of the Dungeon)

   Any ammunition fired from it burns those it strikes, dealing additional fire
   damage.
   Str:       It affects your strength (+2).
   rElec:     It insulates you from electricity.
   rPois:     It protects you from poison.
 w - a +3 demon whip of flaming (weapon)
 X - a +0 whip of electrocution
Missiles
 g - 47 poisoned darts
 p - 2 datura-tipped darts
 D - 9 javelins
 J - a throwing net
 M - 6 curare-tipped darts
 S - 48 large rocks (quivered)
Armour
 v - the +1 cloak of Nempud (worn) {rN+ Dex+5}
   (You acquired it on level 5 of the Lair of Beasts)

   Dex:       It affects your dexterity (+5).
   rN:        It protects you from negative energy.
 K - +5 steam dragon scales (worn)
 T - a +2 kite shield (worn)
 U - a +2 robe of cold resistance
Jewellery
 a - a ring of see invisible
 c - an amulet of faith
 m - the amulet of Tercha (around neck) {Reflect rF+ rC+ MP+9 Str+4 SH+5}
   (You bought it in a shop on level 2 of the Orcish Mines)

   [amulet of reflection]

   It reflects blocked missile attacks.
   Str:       It affects your strength (+4).
   rF:        It protects you from fire.
   rC:        It protects you from cold.
   MP:        It affects your magic capacity (+9).
   SH:        It affects your SH (+5).
 x - the ring "Ulius" (right claw) {Drain Will+ MP+9 AC+4 SInv}
   (You found it on level 4 of the Dungeon)

   [ring of protection]

   AC:        It affects your AC (+4).
   MP:        It affects your magic capacity (+9).
   SInv:      It lets you see invisible.
   Drain:     It drains your maximum health when unequipped.
   Will:      It increases your willpower.
 z - a +6 ring of strength
 E - a ring of poison resistance
 I - a +6 ring of dexterity
 L - a ring of resist corrosion
 N - a ring of willpower (left claw)
 O - a ring of protection from cold
Wands
 l - a wand of mindburst (10)
 r - a wand of digging (2)
 s - a wand of roots (31)
 A - a wand of charming (3)
 B - a wand of acid (18)
 V - a wand of flame (27)
 W - a wand of polymorph (6)
Scrolls
 h - a scroll of silence
 i - 7 scrolls of vulnerability
 k - 5 scrolls of teleportation
 n - 2 scrolls of torment
 u - 4 scrolls of blinking
 y - 2 scrolls of fear
 F - 2 scrolls of immolation
 G - 4 scrolls of summoning
 H - 7 scrolls of fog
 P - 5 scrolls of magic mapping
Potions
 d - 7 potions of attraction
 e - 2 potions of haste
 f - 12 potions of curing
 j - 4 potions of invisibility
 o - 3 potions of cancellation
 q - a potion of heal wounds
 t - 4 potions of might
 C - 9 potions of lignification
 Q - 2 potions of berserk rage
 R - a potion of mutation
 Z - a potion of flight {unknown}


   Skills:
 - Level 12.0 Fighting
 * Level 11.7 Maces & Flails
 - Level 4.0 Polearms
 + Level 10.7 Throwing
 - Level 10.0 Armour
 + Level 6.8 Dodging
 + Level 6.9 Shields
 - Level 12.0 Unarmed Combat
 - Level 5.0 Evocations


You had 15 spell levels left.
You didn't know any spells.
Your spell library was empty.

Dungeon Overview and Level Annotations

Branches:
Dungeon (15/15)            Temple (0/1) D:5            Lair (5/5) D:11
  Swamp (0/4) Lair:3       Spider (2/4) Lair:3        Slime (0/5) Lair:4
    Orc (2/2) D:9             Elf (1/3) Orc:2        Vaults (0/5) D:13
 Depths (0/4) D:15

Altars:
Ashenzari
Uskayaw
Vehumet
Zin
Jiyva

Shops:
D:2 *   D:3 (   D:6 *   Orc:2 =([*

Annotations:
Spider:2 Arachne


Innate Abilities, Weirdness & Mutations

You are too large for most types of armour.
You have claws for hands.
Your natural rate of healing is unusually fast.
You are covered in fur. (AC +1)
You have tough skin. (AC +1)


Message History

The +2 vampiric scimitar misses you.
The deep elf zephyrmancer mumbles some strange words.
The deep elf zephyrmancer blinks!
As you read the scroll of teleportation, it crumbles to dust.
You feel strangely unstable.
The +2 vampiric scimitar hits you but does no damage.
The +0 short sword of draining misses you.
The +1 bardiche of venom hits you from afar!!
The +2 vampiric scimitar hits you.
You feel much better.
The +0 short sword of draining barely misses you.
The +2 vampiric scimitar hits you but does no damage.
The +0 short sword of draining hits you.
You partially resist.
You feel drained.
The +1 bardiche of venom hits you from afar!!
You are poisoned.
The deep elf knight casts a spell.
The deep elf knight flickers and vanishes for a moment.
The deep elf knight casts a spell at you.
The lance of force hits you!
* * * LOW HITPOINT WARNING * * *
You are knocked back by the lance of force.
You collide with the +2 vampiric scimitar!
The +2 vampiric scimitar is moderately damaged.
* * * LOW HITPOINT WARNING * * *
Okay, then.
Unknown command.
You feel much better.
You feel very sick.
The +0 short sword of draining hits you but does no damage.
You partially resist.
The +2 vampiric scimitar completely misses you.
You block the +0 short sword of draining's attack.
The deep elf knight hits you but does no damage.
You block the +2 vampiric scimitar's attack.
The +1 bardiche of venom hits you from afar!!
* * * LOW HITPOINT WARNING * * *
You are lethally poisoned!
The deep elf knight hits you with a +2 scimitar of venom!
You die...

## ###############
...##.........((@e#
#..#........ee(#e.#
#....#........(#(...#
#......#.......#.e....#
........#.....#.e......#
.........#...#..........#
..........###............
..(.......# ............
..........# .......##


You could see 3 deep elf knights, a deep elf pyromancer, a deep elf zephyrmancer
and 5 dancing weapons.

Vanquished Creatures
  A ghost moth (Spider:1)
  An orc warlord (Orc:2)
  A stone giant (D:15)
  An entropy weaver (Lair:3)
  Azrael (Spider:1)
  A spark wasp (Lair:3)
  A fire dragon (D:13)
  Fannar (Lair:2)
  A vault guard (D:13)
  3 boulder beetles
  5 hydras
  A jorogumo (Spider:1)
  A radroach (Spider:1)
  An ogre mage (D:15)
  7 centaur warriors
  A deep troll shaman (Lair:5)
  A catoblepas (Lair:5)
  A dancing weapon (Elf:2)
  2 tengu warriors (D:15)
  8 two-headed ogres
  Urug (Lair:4)
  3 death yaks (Lair:5)
  2 orc high priests (Orc:2)
  Nergalle (Lair:3)
  Amaemon (Lair:2)
  4 skeletal warriors (D:12)
  A pharaoh ant (Spider:1)
  A sun moth (Spider:1)
  A bog body (Lair:3)
  A lindwurm (Lair:5)
  An orb spider (Spider:1)
  2 deep elf pyromancers
  4 wolf spiders
  6 orc knights
  2 orc sorcerers
  12 ugly things
  10 cyclopes
  2 manticores (D:13)
  14 elephants
  2 black mambas
  Maurice (D:9)
  An orange demon (Lair:2)
  12 cane toads
  2 torpor snails
  3 gargoyles
  A cane toad (shapeshifter) (D:13)
  3 rime drakes
  An unseen horror (D:11)
  A demonic crawler (Spider:2)
  A kobold demonologist (D:10)
  9 komodo dragons
  An efreet (D:15)
  3 tengu conjurers (D:14)
  4 yaktaurs (D:15)
  3 polar bears
  A queen bee (shapeshifter) (D:13)
  9 trolls
  2 meliai (Spider:1)
  4 tarantellas
  A hornet (D:9)
  10 blink frogs (Lair:4)
  3 dream sheep (D:9)
  7 jumping spiders
  3 culicivoras
  A wraith (D:11)
  39 yaks
  5 wyverns
  A steam dragon (Lair:1)
  A basilisk (Lair:1)
  4 fire elementals
  18 redbacks
  3 swamp worms (Lair:3)
  7 wargs
  17 vampire mosquitoes
  An acid dragon (D:13)
  14 water moccasins
  2 hell hounds (Spider:1)
  4 black bears
  20 orc warriors
  A meliai simulacrum (D:14)
  2 sky beasts (D:7)
  8 ogres
  36 wolves
  12 centaurs
  3 phantoms
  8 kobold brigands
  12 bullfrogs
  A necrophage (D:6)
  2 scorpions
  13 wights
  12 killer bees
  3 howler monkeys
  3 electric eels
  A hound (D:5)
  8 orc priests
  4 gnoll boudas
  2 iguanas
  Ijyb (D:5)
  Terence (D:2)
  15 orc wizards
  17 gnolls
  3 adders
  A shadow imp (D:6)
  3 white imps
  2 ufetubi
  3 worms
  46 orcs
  4 ball pythons
  5 endoplasms
  4 giant cockroaches
  10 goblins
  12 hobgoblins
  3 jackals (D:1)
  32 kobolds
  3 quokkas
  4 bats
  4 frilled lizards
  7 rats
645 creatures vanquished.

Vanquished Creatures (collateral kills)
  Erica (Orc:1)
  An orc sorcerer (Orc:2)
  A cyclops (Orc:1)
  An elephant (Lair:5)
  2 orc warriors (Orc:1)
  An ogre (Orc:1)
  2 orc wizards
  5 orcs (Orc:1)
14 creatures vanquished.

Vanquished Creatures (others)
  Nessos (D:15)
  An orc (Orc:2)
  27 fungi
  35 plants
64 creatures vanquished.

Grand Total: 723 creatures vanquished

Notes
Turn   | Place    | Note
-------+----------+-------------------------------------------
     0 | D:1      | Powertoast the Troll Berserker began the quest for the Orb.
     0 | D:1      | Reached XP level 1. HP: 22/22 MP: 0/0
   124 | D:1      | Reached XP level 2. HP: 29/29 MP: 1/1
   178 | D:1      | Found a faded altar of an unknown god.
   435 | D:1      | Reached XP level 3. HP: 36/36 MP: 2/2
   916 | D:2      | Reached ** piety under Trog
  1043 | D:2      | Found Oskounar's Assorted Antiques.
  1056 | D:2      | Bought a scroll labelled CARUMP CUNI for 17 gold pieces
  1056 | D:2      | Bought a sedimented red potion for 15 gold pieces
  1174 | D:2      | Noticed Terence
  1179 | D:2      | Killed Terence
  1180 | D:2      | Reached XP level 4. HP: 45/45 MP: 3/3
  1289 | D:3      | Identified the +2 war axe of Saos Pou {antimagic, Int+7}
  1392 | D:3      | Found Xudwoero's Weapon Boutique.
  1397 | D:3      | Bought 2 datura-tipped darts for 8 gold pieces
  1426 | D:3      | Reached XP level 5. HP: 53/53 MP: 4/4
  1936 | D:4      | Noticed a phantom
  1947 | D:4      | Killed a phantom
  2020 | D:4      | Reached XP level 6. HP: 57/62 MP: 5/5
  2021 | D:4      | Reached *** piety under Trog
  2112 | D:4      | Reached skill level 5 in Unarmed Combat
  2300 | D:4      | Identified the ring "Ulius" {Drain Will+ MP+9 AC+4 SInv}
  2434 | D:4      | Found a glowing silver altar of Zin.
  2636 | D:5      | Entered Level 5 of the Dungeon
  2827 | D:5      | Reached XP level 7. HP: 71/71 MP: 6/6
  3276 | D:5      | Found a staircase to the Ecumenical Temple.
  3328 | D:5      | Noticed Ijyb
  3337 | D:5      | Killed Ijyb
  3464 | D:5      | Reached skill level 5 in Fighting
  3737 | D:5      | Identified the +5 sling of Zaahavae {flame, rElec rPois
                  | Str+2}
  4173 | D:6      | HP: 3/72 [orc warrior/+0 battleaxe (11)]
  4176 | D:6      | Reached XP level 8. HP: 7/81 MP: 7/7
  4215 | D:6      | Reached skill level 1 in Evocations
  4366 | D:6      | Found Nacy's Assorted Antiques.
  4371 | D:6      | Bought a blackened gilded ring for 100 gold pieces
  4371 | D:6      | Bought a scroll labelled KEOSUZXILAM for 20 gold pieces
  4371 | D:6      | Bought a blackened coral ring for 100 gold pieces
  4463 | D:6      | Reached skill level 1 in Throwing
  4709 | D:6      | Found a broken altar of Ashenzari.
  4713 | D:6      | Saw a vision of the Swamp and the Spider Nest.
  4713 | D:6      | Noticed a tyrant leech
  4713 | D:6      | Noticed a spriggan rider
  4713 | D:6      | Noticed a bunyip
  4713 | D:6      | Noticed a pharaoh ant
  4713 | D:6      | Noticed a demonic crawler
  4713 | D:6      | Noticed a jumping spider
  4713 | D:6      | Noticed a jumping spider
  4713 | D:6      | Noticed a steelbarb worm
  4713 | D:6      | Noticed a wolf spider
  4713 | D:6      | Noticed a steelbarb worm
  4713 | D:6      | Noticed a pharaoh ant
  4713 | D:6      | Noticed a jumping spider
  4713 | D:6      | Noticed a tarantella
  4713 | D:6      | Noticed a jumping spider
  4713 | D:6      | Noticed a demonic crawler
  4714 | D:6      | Noticed a wolf spider
  4714 | D:6      | Noticed a culicivora
  4714 | D:6      | Noticed a goliath frog
  4917 | D:6      | Bought a pink potion for 18 gold pieces
  5101 | D:7      | Reached skill level 5 in Dodging
  5101 | D:7      | Reached XP level 9. HP: 78/92 MP: 8/8
  6619 | D:8      | Reached **** piety under Trog
  6947 | D:9      | Noticed Maurice
  6956 | D:9      | Killed Maurice
  6957 | D:9      | Reached XP level 10. HP: 102/102 MP: 9/9
  7016 | D:9      | Identified the +5 rapier of the Heavens {freeze, rPois
                  | rCorr Int-3}
  7024 | D:9      | Noticed a two-headed ogre
  7032 | D:9      | Killed a two-headed ogre
  7169 | D:9      | Reached skill level 5 in Throwing
  7191 | D:9      | Found a staircase to the Orcish Mines.
  7213 | D:9      | Found a radiant altar of Vehumet.
  7213 | D:9      | Found a hide-covered altar of Uskayaw.
  7420 | D:9      | Reached skill level 5 in Evocations
  7548 | D:9      | Paralysed by a hornet for 1 turns
  7854 | D:9      | Identified the +0 robe of Peclipui {rF+}
  7985 | D:10     | Entered Level 10 of the Dungeon
  8035 | D:10     | Noticed a deep elf pyromancer
  8055 | D:10     | Killed a deep elf pyromancer
  8142 | D:10     | Reached skill level 1 in Polearms
  8144 | D:10     | Reached XP level 11. HP: 93/113 MP: 10/10
  8200 | D:10     | Noticed a sun demon
  8206 | D:10     | Noticed a soul eater
  8600 | D:10     | Reached skill level 10 in Unarmed Combat
  8990 | D:11     | Noticed a six-headed hydra
  9001 | D:11     | Killed a six-headed hydra
  9087 | D:11     | Noticed a seven-headed hydra
  9425 | D:11     | Found a staircase to the Lair.
  9794 | D:12     | Noticed a skeletal warrior
  9794 | D:12     | Noticed a skeletal warrior
  9794 | D:12     | Noticed a skeletal warrior
  9839 | Lair:1   | Entered Level 1 of the Lair of Beasts
 10253 | Lair:1   | Reached skill level 1 in Armour
 10805 | Lair:2   | Noticed Amaemon
 10818 | Lair:2   | Killed Amaemon
 10933 | Lair:2   | Reached XP level 12. HP: 84/126 MP: 11/11
 11100 | Lair:2   | Noticed Fannar
 11118 | Lair:2   | Killed Fannar
 11119 | Lair:2   | Reached skill level 10 in Fighting
 12162 | Lair:1   | Noticed a four-headed hydra
 12173 | Lair:1   | Killed a four-headed hydra
 12336 | D:6      | Bought a wooden wand for 80 gold pieces
 12547 | Orc:1    | Entered Level 1 of the Orcish Mines
 12751 | Orc:1    | Noticed Erica
 12763 | Orc:1    | Killed Erica
 13184 | Lair:3   | Reached skill level 1 in Maces & Flails
 13302 | Lair:3   | Found a hole to the Spider Nest.
 13303 | Lair:3   | Noticed Nergalle
 13311 | Lair:3   | Killed Nergalle
 13474 | Lair:4   | Reached skill level 5 in Armour
 13493 | Lair:4   | Noticed Urug
 13510 | Lair:4   | Killed Urug
 13603 | Lair:3   | Noticed a four-headed hydra
 13611 | Lair:3   | Killed a four-headed hydra
 13849 | Lair:4   | Reached XP level 13. HP: 133/133 MP: 12/12
 13918 | Lair:3   | Found a staircase to the Swamp.
 14401 | Lair:4   | Found a viscous altar of Jiyva.
 14401 | Lair:4   | Found a staircase to the Slime Pits.
 14405 | Lair:4   | Identified the +4 scale mail of the Dragon {rC++}
 14918 | Lair:5   | Entered Level 5 of the Lair of Beasts
 15466 | Lair:5   | Reached skill level 10 in Throwing
 15511 | Lair:5   | Reached skill level 5 in Maces & Flails
 15609 | Lair:5   | Found a broken altar of Ashenzari.
 15679 | Lair:5   | HP: 5/133 [komodo dragon (23)]
 16479 | Lair:5   | Reached skill level 1 in Shields
 16914 | Lair:5   | Reached XP level 14. HP: 109/143 MP: 13/13
 17015 | Lair:5   | Identified 2 scrolls of acquirement
 17016 | Lair:5   | Acquired the +1 cloak of Nempud {rN+ Dex+5}
 17049 | Lair:5   | Acquired a manual of Armour
 17166 | Spider:1 | Entered Level 1 of the Spider Nest
 17311 | Lair:3   | Reached ***** piety under Trog
 17776 | Spider:1 | Noticed Azrael
 18199 | Spider:1 | Killed Azrael
 18218 | Spider:1 | Noticed a ghost moth
 18402 | Orc:2    | Entered Level 2 of the Orcish Mines
 18407 | Orc:2    | Noticed an orc warlord
 18436 | Orc:2    | Found a staircase to the Elven Halls.
 18488 | Orc:2    | Reached skill level 5 in Shields
 18529 | Orc:2    | Found Estro's Antique Armour Boutique.
 18724 | Orc:2    | Found Pinouh's General Store.
 18780 | Orc:2    | Killed an orc warlord
 18850 | Orc:2    | Bought a potion of heal wounds for 65 gold pieces
 18850 | Orc:2    | Bought a scroll of identify for 26 gold pieces
 18850 | Orc:2    | Bought a scroll of identify for 26 gold pieces
 19041 | Orc:2    | Found Bughuz's Jewellery Shop.
 19134 | Orc:2    | Bought the amulet of Tercha {Reflect rF+ rC+ MP+9 Str+4
                  | SH+5} for 1174 gold pieces
 19233 | Orc:2    | Found Dott's Antique Weapon Emporium.
 19515 | Orc:2    | Bought a potion of berserk rage for 65 gold pieces
 19722 | Spider:1 | Killed a ghost moth
 20117 | Spider:2 | Noticed Arachne
 20700 | D:12     | Reached skill level 10 in Maces & Flails
 20777 | D:12     | Reached XP level 15. HP: 152/154 MP: 14/14
 22087 | D:13     | Found a gate to the Vaults.
 22801 | D:15     | Entered Level 15 of the Dungeon
 23536 | D:15     | Noticed Nessos
 23538 | D:15     | Found a staircase to the Depths.
 23547 | D:15     | Killed Nessos
 23670 | D:15     | Received a gift from Trog
 24108 | D:15     | Reached skill level 10 in Armour
 24108 | D:15     | Reached XP level 16. HP: 165/165 MP: 15/15
 24260 | D:15     | Found Fabbohur's Distillery.
 24268 | D:15     | Bought a potion of might for 52 gold pieces
 24268 | D:15     | Bought a potion of curing for 39 gold pieces
 24268 | D:15     | Bought a potion of curing for 39 gold pieces
 24268 | D:15     | Bought a potion of curing for 39 gold pieces
 24268 | D:15     | Bought a potion of cancellation for 104 gold pieces
 24268 | D:15     | Bought a potion of might for 52 gold pieces
 24268 | D:15     | Bought a potion of berserk rage for 65 gold pieces
 24268 | D:15     | Bought 2 potions of invisibility for 208 gold pieces
 24268 | D:15     | Bought a potion of curing for 39 gold pieces
 24505 | Elf:1    | Entered Level 1 of the Elven Halls
 24513 | Elf:1    | You fall into a shaft and drop 1 floor!
 24542 | Elf:2    | HP: 6/162 [+1 bardiche of venom (29)]
 24542 | Elf:2    | Mangled by a deep elf knight

Illustrated notes

Levels and vault maps discovered:
D:1:      co_arrival_square_in_a_square_in_a_square, layout_loops_ring,
          chequers_ecumenical_altar_simple, fountainhead, patterned_corridor
D:2:      layout_rooms, serial_shops, nicolae_shop_overgrown_old_shop,
          uniq_terence
D:3:      layout_loops_ring, serial_shops, shop, grunt_decor_resistance
D:4:      layout_cave_pools, zin_statuary
D:5:      layout_basic, minmay_temple_entry_nine_rooms, guppyfry_early_orc_mine,
          uniq_ijyb
D:6:      nicolae_cairo_tiling_large, layout_basic, grunt_ashenzari_visionary
          [grunt_ashenzari_visionary_swamp, grunt_ashenzari_visionary_spider],
          serial_shops, kennysheep_little_box, minmay_hedge_maze
D:7:      layout_basic, grunt_ministairs_5
D:8:      layout_gridville
D:9:      layout_irregular_city, gammafunk_temple_overflow_elements,
          david_orc_3, st_stairs_11, dreamdust_gnoll_shepherd, uniq_maurice
D:10:     layout_small_grid
D:11:     layout_gridville, lair_entry_dummy
D:12:     layout_roguey
D:13:     layout_basic, david_vaults_4, hangedman_decor_riveting,
          fungi_pond_lemuel, kennysheep_cross_bottleneck
D:14:     layout_cave_pools
D:15:     grunt_enter_depths_giant_problem, layout_basic, serial_shops, shop,
          small_statue_intersection, uniq_nessos
Lair:1:   layout_gridlike
Lair:2:   layout_hall_layers, grunt_megastairs_3, uniq_amaemon, uniq_fannar
Lair:3:   layout_long_grid, nicolae_swamp_entry_splash_gauntlet,
          dummy_spider_entry, uniq_nergalle
Lair:4:   layout_regular_city, slime_entry_1, grunt_megastairs_5,
          infiniplex_staircase_pool, uniq_urug
Lair:5:   grunt_lair_end_beastmaster, layout_regular_city, basic_altar,
          lemuel_fruit_fields
Spider:1: layout_spider_delve, uniq_azrael
Spider:2: nicolae_spider_hilbert_zone_6 [nicolae_spider_hilbert_4_sides_1_open,
          nicolae_spider_hilbert_4_sides_1_open,
          nicolae_spider_hilbert_4_sides_1_open,
          nicolae_spider_hilbert_4_sides_1_open,
          nicolae_spider_hilbert_4_sides_1_open,
          nicolae_spider_hilbert_4_sides_1_open,
          nicolae_spider_hilbert_4_sides_1_open], uniq_nikola, uniq_arachne
Orc:1:    layout_caves, uniq_erica
Orc:2:    grunt_orc_gardens, layout_caves, grunt_orc_garden, grunt_orc_garden,
          grunt_orc_garden, grunt_orc_garden, basic_altar
Elf:1:    dpeg_oklob_gauntlet, layout_geoelf_octagon, serial_shops,
          nicolae_shop_behind_doors, minmay_elf_sorcery,
          nicolae_elf_big_sculpture_3
Elf:2:    nicolae_elf_blades_splatter_lattice [grunt_blade_entry_basic],
          layout_geoelf_diagonals, ebering_ghost_reflecting_pool,
          minmay_shop_grove

Skill      XL: |  1  2  3  4  5  6  7  8  9 10 11 12 13 14 15 |
---------------+----------------------------------------------+-----
Fighting       | 3 4 5 6 7 8 9 10 11 12 | 12.0
Unarmed Combat | 4 5 6 7 8 9 10 12 | 12.0
Dodging        | 3 4 5 6 |  6.8
Evocations     | 2 3 5 |  5.0
Throwing       | 2 4 5 6 7 10 | 10.7
Polearms       | 1 3 4 |  4.0
Armour         | 2 5 7 10 | 10.0
Maces & Flails | 3 8 10 11 | 11.7
Shields        | 2 6 |  6.9

Action                   |  1- 3 |  4- 6 |  7- 9 | 10-12 | 13-15 | 16-18 || total
-------------------------+-------+-------+-------+-------+-------+-------++-------
Melee: Unarmed           |    87 |   113 |   293 |   554 |   852 |       ||  1899
       Punch             |     2 |     4 |    15 |    42 |    30 |       ||    93
       Demon trident     |       |       |       |    16 |       |       ||    16
       Demon whip        |       |       |       |       |   447 |    10 ||   457
 Fire: Sling             |       |       |    22 |    33 |    17 |       ||    72
Throw: Javelin           |       |       |     2 |     1 |     2 |       ||     5
       Large rock        |       |       |       |     7 |    33 |     3 ||    43
       Dart              |       |       |       |    11 |    57 |       ||    68
Invok: Berserk           |     1 |     2 |     6 |     9 |     7 |       ||    25
       Trog's Hand       |       |     2 |     6 |     8 |    10 |       ||    26
       Brothers in Arms  |       |       |       |     1 |     4 |       ||     5
Evoke: Wand              |       |       |       |     1 |     1 |       ||     2
  Use: Scroll            |       |       |     5 |    19 |    25 |     2 ||    51
       Potion            |       |       |       |     3 |    13 |     2 ||    18
 Stab: Sleeping          |     1 |     1 |     1 |     1 |     2 |       ||     6
       Distracted        |       |       |     1 |       |       |       ||     1
Armor: Animal skin       |    36 |    21 |   109 |    77 |       |       ||   243
       Steam dragon scal |       |       |       |   143 |   695 |    11 ||   849
Dodge: Dodged            |    52 |    78 |   188 |   384 |   857 |    11 ||  1570
Block: Kite shield       |       |       |       |       |   747 |    21 ||   768
       Reflection        |       |       |       |       |    52 |       ||    52
